 Dungeon Crawl Stone Soup version 0.30-a0-40-gc6d0f036a7 (webtiles) character file.

Game seed: 5253192681873955640

4 drugrobin the Sneak (level 1, -7/18 HPs)
             Began as a Demigod Delver on Aug 30, 2022.
             Killed from afar by a white imp (8 damage)
             ... with a puff of frost
             ... on level 4 of the Dungeon.
             The game lasted 00:00:49 (284 turns).

drugrobin the Sneak (Demigod Delver)                 Turns: 284, Time: 00:00:50

Health: -7/18      AC:  3    Str: 13    XL:     1   Next: 40%
Magic:  3/3        EV: 11    Int: 12    God:
Gold:   25         SH:  0    Dex: 15    Spells: 0/0 levels left

rFire   . . .      SeeInvis .    c - +2 spear (venom)
rCold   . . .      Faith    .    (no shield)
rNeg    . . .      Spirit   .    b - +0 leather armour
rPois   .          Reflect  .    (no helmet)
rElec   .          Harm     .    (no cloak)
rCorr   .          Rampage  .    (no gloves)
Will    .....                    (no boots)
Stlth   +++.......               (no amulet)
HPRegen 0.06/turn                (no ring)
MPRegen 0.08/turn                (no ring)

@: no status effects
A: high MP 1, forlorn, divine attributes
a: no special abilities


You were on level 4 of the Dungeon.
You visited 1 branch of the dungeon, and saw 2 of its levels.

You collected 25 gold pieces.

Inventory:

Hand Weapons
 a - a +0 short sword
 c - a +2 spear of venom (weapon)
Armour
 b - a +0 leather armour (worn)
 i - a +0 scale mail
Wands
 g - a wand of digging (3)
Scrolls
 d - a scroll of magic mapping
 e - a scroll of fear
 j - a scroll of fog
Potions
 f - a potion of haste


   Skills:
 - Level 2.6 Fighting
 + Level 2.1 Short Blades
 - Level 1.7 Dodging
 - Level 4.5 Stealth


You couldn't memorise any spells.
You didn't know any spells.
Your spell library was empty.

Dungeon Overview and Level Annotations

Branches:
Dungeon (5/15)
 Temple: D:4-7


Innate Abilities, Weirdness & Mutations

You have an increased reservoir of magic. (+10% MP)
You shall have no god before yourself.
Your divine heritage dramatically boosts your attributes as you level up.


Message History

The hobgoblin closely misses you.
You hit the hobgoblin.
You kill the hobgoblin!
Found a scale mail.
Found an escape hatch in the floor.
Found a stone staircase leading down.
You see here a +0 scale mail.
i - a +0 scale mail
There is a stone staircase leading down here.
Found a runed spear.
You see here a +2 spear of venom.
j - a +2 spear of venom Adjust (i)tems, (s)pells, or (a)bilities?
j - a +2 spear of venom Adjust to which letter? (? for menu, Esc to quit)
c - a +2 spear of venom;
j - a scroll of fog Your +2 spear of venom begins to drip with poison!
c - a +2 spear of venom (weapon)
A white imp comes into view.
Found a pair of boots.
The white imp shouts, "Remove thy stench, thou yeasty ruttish erk!"
The white imp gestures at you. The puff of frost hits you.
Unknown command.
Unknown command.
The white imp gestures at you. The puff of frost hits you!
Ouch! That really hurt!
* * * LOW HITPOINT WARNING * * *
Reach: c) +2 spear (venom)
Press: ? - help, Dir - move target, f - you That would be overly suicidal.
Okay, then.
Unknown command.
As you read the scroll labelled FYURHA FO HOF, it crumbles to dust.
The creatures around you are filled with an inner flame!
It was a scroll of immolation.
The white imp gestures at you. The puff of frost hits you!
You die...

##### #...#
#...# #...###
#.....########
♣♣♣P♣.......@.#
♣.....#######..♣
#P.PP♣.# #....
#...♣♣.## #5...[
#♣..♣♣..# ##.##
#......# #
######.# #.# #.#


You could see a white imp (inner flame).

Vanquished Creatures
  An endoplasm (D:4)
  A hobgoblin (D:4)
  A jackal (D:4)
3 creatures vanquished.

Notes
Turn   | Place    | Note
-------+----------+-------------------------------------------
     0 | D:5      | drugrobin the Demigod Delver began the quest for the Orb.
     0 | D:5      | Reached XP level 1. HP: 18/18 MP: 3/3
     6 | D:5      | Noticed a howler monkey
    86 | D:5      | Noticed an orc wizard
   220 | D:4      | Noticed an ogre
   284 | D:4      | Killed from afar by a white imp

Illustrated notes

Levels and vault maps discovered:
D:4:      layout_rooms, serial_forest, infiniplex_forest_corner_1,
          infiniplex_forest_clump_long, infiniplex_forest_straight_1,
          infiniplex_forest_lined_3_way, infiniplex_forest_clump_curved,
          infiniplex_forest_lined_room_2, infiniplex_forest_lined_2,
          ebering_dispersal_statue_hall, minmay_manual_monstrance
D:5:      layout_gridville, minmay_temple_entry_butterflies, serial_shops,
          nicolae_shop_stone, minmay_crystal_water, uniq_blork_the_orc

Skill      XL: |  1 |
---------------+----+-----
Short Blades   | 2 |  2.1
Fighting       | |  2.6
Dodging        | |  1.7
Stealth        | |  4.5

Action                   || total
-------------------------++-------
Melee: Short sword       ||     9
  Use: Scroll            ||     1
 Stab: Sleeping          ||     1
Armor: Leather armour    ||     2
Dodge: Dodged            ||     7

Table legend: (Time is in decaauts)
 A = Elapsed time spent in this place.
 B = Non-inter-level travel time spent in this place.
 C = Inter-level travel time spent in this place.
 D = Time resting spent in this place.
 E = Time spent auto-exploring this place.
 F = Levels seen in this place.
 G = Mean time per level.
                   A        B        C        D        E       F      G
               +--------+--------+--------+--------+--------+-----+--------+
         Total |    284 |    268 |     16 |      0 |    136 |   2 |  142.0 |
       Dungeon |    284 |    268 |     16 |      0 |    136 |   2 |  142.0 |
               +--------+--------+--------+--------+--------+-----+--------+

Top non-repeatable levels by time:
     D:4: 190 daAuts
     D:5: 94 daAuts
